 Seeded DCSS version 0.30-a0-1043-g60ff8d5f49 (webtiles) character file.

Game seed: 13554538353924548722 (custom seed)

91 GigaChad the Covered (level 4, -5/37 HPs)
             Began as a Formicid Fighter on Apr 11, 2023.
             Slain by a gnoll sergeant
             ... wielding a +1 spear of venom
              (13 damage)
             ... on level 2 of the Dungeon.
             The game lasted 00:02:49 (1724 turns).

GigaChad the Covered (Formicid Fighter)             Turns: 1724, Time: 00:02:50

Health: -5/37      AC:  7    Str: 22    XL:     4   Next: 87%
Magic:  4/4        EV:  9    Int:  8    God:
Gold:   101        SH:  5    Dex: 13    Spells: 3/3 levels left

rFire   . . .      SeeInvis +    a - +0 war axe (heavy)
rCold   . . .      Faith    .    c - +0 buckler
rNeg    . . .      Spirit   .    b - +0 scale mail
rPois   .          Reflect  .    (helmet unavailable)
rElec   .          Rampage  .    (no cloak)
rCorr   .                        (no gloves)
Will    .....                    (no boots) Stlth
                                 (no amulet)
HPRegen 0.26/turn                (no ring)
MPRegen 0.09/turn                (no ring)

@: lethally poisoned (-5 -> -6)
A: permanent stasis, dig shafts and tunnels, antennae 3, four strong arms
a: Dig, Shaft Self


You were on level 2 of the Dungeon.
You visited 1 branch of the dungeon, and saw 2 of its levels.

You collected 101 gold pieces.

Inventory:

Hand Weapons
 a - a +0 heavy war axe (weapon)
Armour
 b - a +0 scale mail (worn)
 c - a +0 buckler (worn)
Jewellery
 n - a ring of protection from fire
Scrolls
 g - 3 scrolls of identify
 h - 2 scrolls of teleportation
 m - a scroll of poison {unknown}
Potions
 d - 3 potions of might
 e - 2 potions of flight {unknown}
 f - a potion of curing
 i - a potion of ambrosia {unknown}
 j - a potion of mutation {unknown}
 k - a potion of attraction {unknown}
 l - a potion of heal wounds {unknown}


   Skills:
 * Level 3.8 Fighting
 + Level 2.9 Axes
 + Level 4.5 Armour
 * Level 4.3 Shields


You had 3 spell levels left.
You didn't know any spells.
Your spell library contained the following spells:

 Spells                   Type           Power      Damage    Failure   Level
 Slow                     Hex            0%         N/A       80%         1
 Static Discharge         Conj/Air       0%         2-2/arc   90%         2
 Confusing Touch          Hex            0%         N/A       99%         3
 Vampiric Draining        Necr           0%         2d6       99%         3
 Airstrike                Air            0%         2d(0-16)  100%        4
 Summon Lightning Spire   Summ/Air       0%         N/A       100%        4


Dungeon Overview and Level Annotations

Branches:
Dungeon (2/15)

Altars:

Shops:
D:2 **=?=


Innate Abilities, Weirdness & Mutations

You cannot be hasted, slowed, berserked, paralysed or teleported.
You can dig through walls and to a lower floor.
You have a pair of large antennae on your head. (SInv)
Your four strong arms can wield two-handed weapons with a shield.


Message History

You slash the gnoll!
You kill the gnoll!
Things that are here:
a +0 whip; a gnoll corpse You start resting.
HP restored.
You start waiting.
Done waiting.
Things that are here:
a +0 whip; a gnoll corpse
Found a hand axe.
Found 14 gold pieces.
A gnoll breaks down the door.
A gnoll sergeant comes into view. It is wielding a +1 spear of venom.
The gnoll sergeant shouts!
A gnoll comes into view. It is wielding a +0 flail.
Things that are here:
a +0 whip; a gnoll corpse
There is a stone staircase leading down here.
The gnoll sergeant closely misses you. You block the gnoll sergeant's attack.
You closely miss the gnoll sergeant.
The gnoll sergeant hits you with a +1 spear of venom.
You are poisoned.
You block the gnoll sergeant's attack.
You hit the gnoll sergeant.
The gnoll sergeant is moderately wounded.
You feel very sick. The gnoll sergeant closely misses you.
The gnoll sergeant hits you with a +1 spear of venom!
You hit the gnoll sergeant.
The gnoll sergeant is moderately wounded.
You feel very sick. You block the gnoll sergeant's attack.
The gnoll sergeant hits you with a +1 spear of venom!
* * * LOW HITPOINT WARNING * * *
You barely miss the gnoll sergeant.
The gnoll sergeant is moderately wounded.
You feel sick.
The gnoll sergeant hits you with a +1 spear of venom!
You die...

#.####.............#
#..#8.8.8......#####
###)..⌠.⌠.#######
#....8.∩.8# #g##..⌠.⌠.#
#.###8.8.8# #####.#
#..#÷## #.....###.##.####
#.##..gg@.>.....#
#.###.###.##.##.#########
#.# #.# #.##.............
#.# #.# #.#####.....#####
#.###.# #.# #####.#
#.....# #.### #.# ####..#
#...# ##)##### #>.# ###.#
#......# #..# #.#
#..###.#


You could see a gnoll sergeant and a gnoll.

Vanquished Creatures
  A gnoll (D:2)
  5 adders (D:2)
  A worm (D:2)
  2 dart slugs
  3 endoplasms
  A giant cockroach (D:1)
  4 goblins
  2 hobgoblins
  2 ball pythons (D:1)
  A bat (D:1)
  4 frilled lizards
  4 kobolds
  4 rats
34 creatures vanquished.

Notes
Turn   | Place    | Note
-------+----------+-------------------------------------------
     0 | D:1      | GigaChad the Formicid Fighter began the quest for the Orb.
     0 | D:1      | Reached XP level 1. HP: 18/18 MP: 1/1
   176 | D:1      | Reached XP level 2. HP: 22/24 MP: 2/2
  1051 | D:2      | Reached XP level 3. HP: 19/30 MP: 3/3
  1153 | D:2      | Reached XP level 4. HP: 37/37 MP: 4/4
  1200 | D:2      | Found Qedos's Jewellery Shop.
  1225 | D:2      | Found Cofykeno's General Store.
  1309 | D:2      | Found Anamekhlu's Assorted Antiques.
  1351 | D:2      | Found Taolotum's Magic Scroll Boutique.
  1368 | D:2      | Found Toava's Jewellery Shoppe.
  1697 | D:2      | Noticed a gnoll sergeant
  1724 | D:2      | Slain by a gnoll sergeant

Illustrated notes

Levels and vault maps discovered:
D:1:      zelgadis_glass_arrival_small, layout_loops_ring
D:2:      layout_loops_ring, serial_shops, nicolae_shop_trees,
          nicolae_shop_waterfront, nicolae_shop_stone,
          nicolae_shop_temple_entry_statues_fountains, shop,
          pf_guarded_unrand_woodcutter

Skill      XL: |  1  2  3 |
---------------+----------+-----
Armour         | 4 |  4.5
Fighting       | |  3.8
Axes           | |  2.9
Shields        | |  4.3

Action                     |  1- 3 |  4- 6 || total
---------------------------+-------+-------++-------
  Melee: War axe           |    45 |    32 ||    77
    Use: Scroll            |     6 |       ||     6
 Armour: Scale mail        |    21 |    11 ||    32
  Dodge: Dodged            |    20 |    17 ||    37
  Block: Buckler           |     9 |     8 ||    17

Table legend: (Time is in decaauts)
 A = Elapsed time spent in this place.
 B = Non-inter-level travel time spent in this place.
 C = Inter-level travel time spent in this place.
 D = Time resting spent in this place.
 E = Time spent auto-exploring this place.
 F = Levels seen in this place.
 G = Mean time per level.
                   A        B        C        D        E       F      G
               +--------+--------+--------+--------+--------+-----+--------+
         Total |   1786 |   1786 |      0 |    370 |   1070 |   2 |  893.0 |
       Dungeon |   1786 |   1786 |      0 |    370 |   1070 |   2 |  893.0 |
               +--------+--------+--------+--------+--------+-----+--------+

Top non-repeatable levels by time:
     D:1: 1019 daAuts
     D:2: 767 daAuts
